 Dungeon Crawl Stone Soup version 0.20-a0-993-gba41c3c (webtiles) character file.

8 Alarkh the Digger (level 2, 19/19 HPs)
             Began as a Demonspawn Earth Elementalist on Apr 11, 2017.
             Got out of the dungeon alive.
             The game lasted 00:00:23 (361 turns).

Alarkh the Digger (Demonspawn Earth Elementalist)    Turns: 361, Time: 00:00:24

Health: 19/19      AC:  2    Str:  8    XL:     2   Next: 0%
Magic:  5/5        EV: 12    Int: 16    God:
Gold:   33         SH:  0    Dex: 13    Spells: 4/5 levels left

rFire    . . .     SeeInvis .   (no weapon)
rCold    . . .     Gourm    +   (no shield)
rNeg     . . .     Faith    .   c - +0 robe
rPois    .         Spirit   +   (no helmet)
rElec    .         Reflect  .   (no cloak)
rCorr    .         Harm     .   (no gloves)
MR       .....                  (no boots)
Stlth    ++........             i - amulet of the gourmand
Regen    0.1/turn               (no ring)
MPRegen  0.1/turn               (no ring)

@: no status effects
A: magic shield
a: no special abilities


You escaped.
You were not hungry.

You visited 1 branch of the dungeon, and saw 1 of its levels.

You collected 33 gold pieces.

Inventory:

Missiles
 b - 69 stones (quivered)
Armour
 c - a +0 robe (worn)
Jewellery
 i - an amulet of the gourmand (around neck)
Scrolls
 f - a scroll of remove curse {unknown}
 g - a scroll of identify {unknown}
Potions
 a - 2 potions of degeneration {unknown}
Books
 e - a book of Geomancy

   Spells                             Type                      Level
   a - Sandblast                      Earth                        1
   b - Passwall                       Transmutation/Earth          2
   c - Stone Arrow                    Conjuration/Earth            3
   d - Petrify                        Transmutation/Earth          4
   e - Lee's Rapid Deconstruction     Earth                        5
Comestibles
 d - a bread ration
 j - a royal jelly


   Skills:
 - Level 1.7 Dodging
 - Level 1.7 Stealth
 + Level 2.2 Spellcasting
   Level 0.8 Transmutations
 + Level 3.0 Earth Magic


You had 4 spell levels left.
You knew the following spells:

 Your Spells              Type           Power        Failure   Level  Hunger
a - Sandblast             Erth           ##....       8%          1    #......


Dungeon Overview and Level Annotations

Branches:
Dungeon (1/15)

Altars:
Cheibriados


Innate Abilities, Weirdness & Mutations

When hurt, damage is shared between your health and your magic reserves.


Message History

Casting: Sandblast
Confirm with . or Enter, or press ? or * to list all spells.
Aiming: Sandblast
Press: ? - help, Shift-Dir - straight line, f - bat
Aim: a bat The blast of sand hits the bat.
You kill the bat!
You have reached level 2!
Your demonic ancestry asserts itself...
You feel your magical essence form a protective shroud around your flesh.
b - 69 stones
There is a stone staircase leading down here.
Eating a chunk of flesh.
You eat the chunk of flesh.
This raw flesh is not very appetising.
That was not very filling.
You see here a hand axe.
As you open the door, it creaks loudly!
There is an open door here.
There is a staircase leading out of the dungeon here.
Are you sure you want to leave the Dungeon?
This will make you lose the game!
You have escaped!

#.# #.# #.....#..
#.######.##############...#
##.##.............# ##.##
##.###......)......# #.#
#####.##
#..#######'#..#######.#
.....##
#..#.......#..##...##.#
#.....# ...
#.......#..##......#
...###..##
#.......#..##.#.#### #..#
#.# #...@...'..# #.# ...#
.# +.......#..# #.# ...# #
#.......#..####.# ####
#.......#.....#.#####
#...[...#..##........
#+#######..####.##### ....#
#.# .....# #.# #.##### #.#


There were no monsters in sight!

Vanquished Creatures
  An ooze (D:1)
  A ball python (D:1)
  2 bats (D:1)
  A frilled lizard (D:1)
5 creatures vanquished.

Notes
Turn   | Place    | Note
-------+----------+-------------------------------------------
     0 | D:1      | Alarkh the Demonspawn Earth Elementalist began the quest for the Orb.
     0 | D:1      | Reached XP level 1. HP: 13/13 MP: 3/3
    73 | D:1      | Found a snail-covered altar of Cheibriados.
   166 | D:1      | Reached skill level 3 in Earth Magic
   304 | D:1      | Gained mutation: When hurt, damage is shared between your health and your magic reserves. [demonic ancestry]
   304 | D:1      | Reached XP level 2. HP: 19/19 MP: 3/5
   361 | D:$      | Got out of the dungeon alive.

Vault maps used:
D:1:      lemuel_arrival_room, serial_glass, glass_columns_a, glass_columns_c,
          glass_columns_a, glass_columns_b, glass_columns_a, glass_columns_a,
          glass_columns_a, glass_columns_a, glass_columns_a, glass_columns_a,
          cheibriados_altar_1

Skill      XL: |  1 |
---------------+----+-----
Earth Magic    | 3 |  3.0
Dodging        | |  1.7
Stealth        | |  1.7
Spellcasting   | |  2.2
Transmutations | |  0.8

Action                   || total
-------------------------++-------
Melee: Unarmed           ||     1
 Cast: Sandblast         ||     6
  Eat: Chunk             ||     1
Armor: Robe              ||     1
Dodge: Dodged            ||     1
